 Dungeon Crawl Stone Soup version 0.21.1-1-g345015f (webtiles) character file.

1526 Monsterracer the Chopper (level 8, -3/74 HPs)
             Began as a Deep Dwarf Fighter on June 3, 2018.
             Slain by an orc warrior
             ... wielding a +0 war axe
              (7 damage)
             ... on level 6 of the Dungeon.
             The game lasted 00:02:53 (2064 turns).

Monsterracer the Chopper (Deep Dwarf Fighter)       Turns: 2064, Time: 00:02:53

Health: -3/74      AC:  9    Str: 22    XL:     8   Next: 55%
Magic:  6/6        EV:  6    Int:  9    God:
Gold:   114        SH: 15    Dex: 12    Spells: 7/7 levels left

rFire    + . .     SeeInvis .   a - +0 war axe
rCold    . . .     Gourm    .   k - +0 large shield
rNeg     . . .     Faith    .   b - +0 scale mail
rPois    .         Spirit   .   j - +1 helmet
rElec    .         Reflect  .   (no cloak)
rCorr    .         Harm     .   (no gloves)
MR       ++...                  (no boots)
Stlth    ..........             (no amulet)
HPRegen  0.00/turn              o - ring of protection from fire
MPRegen  0.10/turn              s - ring of protection from magic

@: non-regenerating
A: damage resistance, heal wounds, sense surroundings 1, no regeneration
a: Heal Wounds


You were on level 6 of the Dungeon.
You were not hungry.

You visited 1 branch of the dungeon, and saw 6 of its levels.
You also visited: Sewer.

You collected 114 gold pieces.

Inventory:

Hand Weapons
 a - a +0 war axe (weapon)
 n - a +1 flail of venom
Armour
 b - a +0 scale mail (worn)
 j - a +1 helmet (worn)
 k - a +0 large shield (worn)
Jewellery
 l - an uncursed ring of fire
 o - a ring of protection from fire (left hand)
 q - an uncursed ring of ice
 s - a ring of protection from magic (right hand)
Wands
 v - a wand of digging (11)
Scrolls
 g - 2 scrolls of teleportation
 r - 2 scrolls of identify
 t - a scroll of fog
Potions
 d - a potion of might
 e - a potion of cancellation
 f - a potion of curing
 h - a potion of mutation {unknown}
 i - a potion of degeneration {unknown}
 m - a potion of flight {unknown}
 p - a potion of heal wounds {unknown}
 u - a potion of agility {unknown}
Comestibles
 c - 4 rations
 w - 2 chunks of flesh


   Skills:
 + Level 5.1 Fighting
 * Level 7.8 Axes
 + Level 6.1 Armour
 + Level 6.1 Shields


You had 7 spell levels left.
You didn't know any spells.

Dungeon Overview and Level Annotations

Branches:
Dungeon (6/15)
 Temple: D:4-7

Altars:
Fedhas
Hepliaklqana

Shops:
D:4 :   D:5 %


Innate Abilities, Weirdness & Mutations

You are resistant to damage.
You can heal yourself by infusing magical energy.
You passively map a small area around you.
You do not regenerate.


Message History

The orc priest hits you with a trident. You block the orc's attack.
You block the orc warrior's attack.
You take 1 damage, and have 37/74 hp.
You slash the orc!
You kill the orc!
You hit the orc priest.
You hit the orc warrior but do no damage.
The orc warrior closely misses you. You block the orc priest's attack.
You slash the orc priest!
The orc priest is almost dead.
You slash the orc wizard!
Your shield and scale mail prevent you from hitting the orc warrior.
The orc wizard hits you with a dagger.
The orc warrior hits you but does no damage.
The orc priest hits you but does no damage.
You take 1 damage, and have 36/74 hp.
You closely miss the orc priest.
The orc priest is almost dead.
You barely miss the orc wizard.
Your shield and scale mail prevent you from hitting the orc warrior.
The orc wizard hits you but does no damage.
You block the orc warrior's attack.
The orc priest calls upon Beogh to heal the orc wizard.
The orc wizard is healed somewhat.
You hit the orc priest.
The orc priest is almost dead.
You closely miss the orc wizard. You barely miss the orc warrior.
The orc wizard casts a spell at you. The magic dart hits you!
You block the orc warrior's attack.
The orc priest hits you but does no damage.
You take 3 damage, and have 33/74 hp.
You hit the orc priest.
You kill the orc priest!
You hit the orc warrior but do no damage.
You hit the orc wizard but do no damage.
The orc wizard points at you and mumbles some strange words.
The puff of frost hits you! The orc warrior barely misses you.
The orc wizard barely misses you.
You take 4 damage, and have 29/74 hp.
You hit the orc warrior but do no damage.
The orc warrior is moderately wounded.
You hit the orc wizard. You block the orc warrior's attack.
The orc wizard looks encouraged for a moment.
You feel much better.
The orc wizard hits you but does no damage.
The orc warrior barely misses you.
You regained 23 hp, and now have 52/74 hp.
You barely miss the orc wizard.
The orc wizard is heavily wounded.
You hit the orc warrior but do no damage.
The orc wizard hits you but does no damage.
You block the orc warrior's attack.
Your shield prevents you from hitting the orc wizard.
The orc wizard is heavily wounded.
You hit the orc warrior but do no damage.
You block the orc wizard's attack.
The orc warrior hits you but does no damage.
You slash the orc wizard!
You kill the orc wizard!
You hit the orc warrior but do no damage.
You block the orc warrior's attack.
You closely miss the orc warrior.
The orc warrior is moderately wounded.
The orc warrior hits you with a war axe.
You take 4 damage, and have 48/74 hp.
Your shield prevents you from hitting the orc warrior.
The orc warrior is moderately wounded.
You block the orc warrior's attack.
You barely miss the orc warrior.
The orc warrior is moderately wounded.
You block the orc warrior's attack.
You hit the orc warrior.
The orc warrior is heavily wounded.
The orc warrior hits you with a war axe.
You take 3 damage, and have 45/74 hp.
An orc warrior is nearby!
Your shield prevents you from hitting the orc warrior.
The orc warrior is heavily wounded.
The orc warrior hits you with a war axe!!
You take 16 damage, and have 29/74 hp.
MASSIVE DAMAGE!!
An orc warrior is nearby!
Your shield and scale mail prevent you from hitting the orc warrior.
The orc warrior is heavily wounded.
The orc warrior hits you with a war axe!
* * * LOW HITPOINT WARNING * * *
You take 7 damage, and have 22/74 hp.
An orc warrior is nearby!
You are too injured to fight recklessly!
An orc warrior is nearby!
You are too injured to fight recklessly!
You are too injured to fight recklessly!
You hit the orc warrior.
The orc warrior is heavily wounded.
The orc warrior hits you with a war axe!!
* * * LOW HITPOINT WARNING * * *
You take 18 damage, and have 4/74 hp.
MASSIVE DAMAGE!!
You hit the orc warrior but do no damage.
The orc warrior is heavily wounded.
The orc warrior hits you with a war axe!
You die...

** *
#........# *
##.......# ,
#.......# ,
##......# ,
, , #......#
#......#
##..#### ,
#o.# , *
*##@########
,
,*#)>.......
#####..... ,
, ,<.. , ,
,, , . , , *
, * , , , *


You could see an orc warrior.

Vanquished Creatures
  2 ice beasts
  Purgy (Sewer)
  An ogre (D:5)
  3 phantoms
  A centaur (D:5)
  3 bullfrogs
  2 howler monkeys
  A bullfrog zombie (D:5)
  A hound (D:5)
  3 orc priests
  4 orc wizards
  A centaur skeleton (D:5)
  Natasha (D:2)
  An iguana (D:4)
  2 worker ants
  A hound skeleton (D:4)
  A howler monkey skeleton (D:6)
  5 adders
  2 river rats (D:3)
  An adder skeleton (D:5)
  3 worms
  3 dart slugs
  A leopard gecko (D:6)
  24 orcs
  3 ball pythons
  5 giant cockroaches
  A goblin (D:1)
  2 jackals (D:5)
  A quokka (D:6)
  2 bats (D:2)
  2 frilled lizards
  2 kobolds (Sewer)
  2 rats (D:3)
88 creatures vanquished.

Notes
Turn   | Place    | Note
-------+----------+-------------------------------------------
     0 | D:1      | Monsterracer the Deep Dwarf Fighter began the quest for the Orb.
     0 | D:1      | Reached XP level 1. HP: 20/20 MP: 1/1
    38 | D:1      | You fall through a shaft!
    58 | D:2      | Reached XP level 2. HP: 27/27 MP: 2/2
    82 | D:2      | Noticed Natasha
    93 | D:2      | Killed Natasha
    93 | D:2      | Reached skill level 3 in Axes
    93 | D:2      | Reached XP level 3. HP: 21/34 MP: 3/3
   130 | D:3      | Found a glowing drain.
   155 | D:3      | Reached XP level 4. HP: 37/42 MP: 4/4
   168 | Sewer    | Entered a sewer
   246 | Sewer    | Noticed Purgy
   251 | Sewer    | Killed Purgy
   251 | Sewer    | Reached skill level 4 in Axes
   251 | Sewer    | Reached XP level 5. HP: 43/49 MP: 5/5
   545 | D:4      | Noticed a phantom
   561 | D:4      | Killed a phantom
   561 | D:4      | Reached XP level 6. HP: 42/57 MP: 6/6
   613 | D:4      | Reached skill level 5 in Axes
   622 | D:4      | Found a hazy altar of Hepliaklqana.
   868 | D:4      | Reached XP level 7. HP: 32/64 MP: 6/6
   876 | D:4      | Found Kuwkal's Book Boutique.
  1055 | D:4      | Found a blossoming altar of Fedhas.
  1183 | D:5      | Entered Level 5 of the Dungeon
  1183 | D:5      | Found Usatah's Food Emporium.
  1199 | D:5      | Reached skill level 5 in Shields
  1227 | D:5      | Reached skill level 5 in Armour
  1294 | D:5      | Reached skill level 6 in Axes
  1619 | D:5      | Found a blossoming altar of Fedhas.
  1621 | D:5      | Reached XP level 8. HP: 45/73 MP: 6/6
  1822 | D:5      | Reached skill level 7 in Axes
  1964 | D:6      | Reached skill level 5 in Fighting
  2064 | D:6      | Slain by an orc warrior

Skill      XL: |  1  2  3  4  5  6  7  8 |
---------------+-------------------------+-----
Fighting       | 3 4 5 |  5.1
Axes           | 3 4 5 6 7 |  7.8
Armour         | 4 5 6 |  6.1
Shields        | 4 5 6 |  6.1

Action                   |  1- 3 |  4- 6 |  7- 9 || total
-------------------------+-------+-------+-------++-------
Melee: War axe           |    42 |   155 |   255 ||   452
 Abil: Heal Wounds       |     1 |     2 |     9 ||    12
  Use: Scroll            |       |     3 |     3 ||     6
  Eat: Chunk             |       |       |     5 ||     5
Armor: Scale mail        |    15 |    68 |    91 ||   174
Dodge: Dodged            |    12 |    32 |    54 ||    98
Block: Shield            |    32 |    36 |       ||    68
       Large shield      |       |    77 |   228 ||   305

Vault maps used:
D:1:      saegor_arrival_simple_e
D:2:      tso_metal_star, nicolae_ru_great_annihilating_truth, uniq_natasha
D:3:      minmay_goblin_kobold_castle, lemuel_doored_altar,
          chequers_temple_overflow_minitemple, first_ration,
          portal_sewer_entry_a
D:4:      lemuel_coloured_pillars_altar, serial_shops, nicolae_shop_stone,
          fedhas_altar_2
D:5:      nicolae_overflow_crystal_walls, serial_shops, shop
D:6:      yredelemnul_altar_generic
Sewer:    kennysheep_door_sewer
